AoeStats
← MWPS | VERGATE

Glade

510449355Analyzed
1v1 RM · 18h ago on Oct 1, 2026· 43m 20s· 2 players
Game mode
Random Map
Map size
Tiny (2 player)
Population
200
Speed
Normal
Resources
Standard
Victory
Conquest
Starting age
Dark Age
Ending age
Imperial Age
RankedLock teamsTeams togetherTeam positionsShared explorationLock speedFull tech treeHidden civsTurbo modeCheats
Victory
Defeat
🇧🇷 Varangians · Brazil
1108
+16
🇪🇸 Burgundians · Spain
1116
-16
MWPS | VERGATE
10:38 Feudal Age
12:19 Loom
15:08 Castle Age
13:27 Double-Bit Axe
13:42 Horse Collar
15:59 Bow Saw
22:47 Wheelbarrow
22:59 Gold Mining
24:20 Heavy Plow
25:45 Bloodlines
26:43 Hand Cart
27:36 Stone Mining
27:54 Fletching
31:57 Imperial Age
29:44 Forging
29:51 Scale Barding Armor
31:23 Iron Casting
31:56 Chain Barding Armor
32:01 Vendel Legacy
33:06 Conscription
32:23 Cavalier
37:40 Blast Furnace
37:16 Plate Barding Armor
42:14 Bodkin Arrow
42:30 Guard Tower
43:42 Chemistry
shadowIlmn
6:24 Loom
8:40 Feudal Age
7:19 Double-Bit Axe
9:33 Bow Saw
10:09 Horse Collar
18:44 Castle Age
17:22 Gold Mining
18:04 Heavy Plow
19:27 Fletching
20:50 Bodkin Arrow
21:37 Padded Archer Armor
22:57 Two-Man Saw
23:05 Stone Mining
23:56 Wheelbarrow
23:07 Town Watch
24:59 Leather Archer Armor
25:22 Hand Cart
25:18 Husbandry
26:03 Gold Shaft Mining
26:52 Stone Shaft Mining
26:08 Crossbowman
30:12 Scale Barding Armor
30:18 Forging
30:16 Cavalier
33:34 Imperial Age
33:47 Chain Barding Armor
35:04 Murder Holes
36:10 Chemistry
35:30 Ballistics
35:33 Bracer
36:08 Paladin
37:24 Plate Barding Armor
37:24 Iron Casting
37:38 Fortified Wall
36:56 Paladin
43:26 Scale Mail Armor
Connection lost

Rejoining the realm…

Still unreachable

The connection could not be restored.

Session expired

The server has moved on; the page needs a fresh start.